Map: Jardín de sombras

Players

MrFercho

  • Race: Zerg Zerg
  • League: Silver
  • Spawn Location: 5:00

TATORREA - Winner!

  • Race: Protoss Protoss
  • League: Silver
  • Spawn Location: 1:00

tigro

  • Race: Terran Terran
  • League: Bronze
  • Spawn Location: 11:00

VOD

Have the link to the VOD?

Description

Time

  • Played on: June 23, 2020, 9:10 p.m.
  • Length: 29:44
Show
View Real Time Build Order
Export as new Build Order

MrFercho Zerg 

Build Orders: Hatch First 

Get SALT Encoding   

  12  0:01  Drone  
  13  0:16  Overlord  
  13  0:17  Drone  
  14  0:34  Drone x2  
  16  0:50  Hatchery  
  16  0:52  Drone  
  16  0:57  Drone  
  17  1:15  Spawning Pool, Drone  
  17  1:20  Drone  
  17  1:21  Drone  
  19  1:34  Drone  
  19  1:35  Extractor  
  19  1:42  Drone  
  20  1:53  Overlord  
  20  2:05  Queen x2, Drone x2  
  26  2:13  Drone  
  28  2:15  Drone  
  28  2:24  Overlord  
  28  2:25  Drone  
  29  2:34  Drone  
  29  2:36  Drone  
  31  2:48  Drone x2  
  33  2:51  Queen  
  33  2:56  Drone  
  33  2:58  Drone  
  37  3:07  Lair  
  37  3:08  Drone  
  37  3:09  Drone  
  39  3:15  Drone  
  40  3:20  Drone x4  
  40  3:22  Overlord x2  
  44  3:28  Extractor  
  44  3:31  Extractor  
  44  3:33  Drone x2  
  44  3:37  Overlord  
  44  3:47  Drone x5  
  49  3:49  Drone  
  49  3:55  Drone x3  
  53  3:56  Drone  
  54  4:14  Drone x2  
  56  4:23  Drone x4  
  60  4:26  Hatchery  
  60  4:30  Hatchery  
  58  4:35  Drone x5  
  63  4:47  Extractor, Evolution Chamber  
  63  4:48  Extractor, Roach Warren  
  63  4:51  Hydralisk Den, Drone x2  
  60  5:04  Overlord  
  60  5:05  Overlord  
  60  5:06  Drone  
  62  5:07  Drone  
  62  5:13  Extractor  
  61  5:19  Zerg Missile Weapons Level 1  
  61  5:21  Muscular Augments  
  61  5:24  Drone  
  61  5:25  Drone  
  61  5:28  Drone  
  64  5:48  Overseer  
  64  5:50  Overseer  
  64  5:51  Overseer  
  64  5:58  Zergling x14  
  71  6:13  Drone x3  
  71  6:14  Drone x3  
  71  6:15  Queen, Evolution Chamber  
  78  6:19  Overlord  
  78  6:33  Grooved Spines  
  78  6:34  Drone x5, Infestation Pit  
  78  6:35  Drone x3  
  85  6:51  Hatchery  
  85  6:52  Hatchery x2  
  82  6:55  Hatchery  
  82  6:57  Hatchery  
  80  7:09  Drone  
  80  7:10  Drone x9  
  90  7:24  Zerg Ground Armor Level 1  
  90  7:30  Zerg Missile Weapons Level 2  
  90  7:34  Hive  
  90  7:36  Drone x3  
  90  7:37  Drone x4  
  98  7:44  Drone x2  
  98  7:47  Overlord x2  
  99  7:57  Glial Reconstitution  
  99  8:03  Drone  
  100  8:11  Spire  
  99  8:13  Spire  
  99  8:16  Lurker Den  
  97  8:21  Spore Crawler  
  97  8:24  Drone x3  
  97  8:25  Drone  
  100  8:31  Overlord x3  
  100  8:32  Overlord x7  
  100  8:33  Overlord x4  
  100  8:40  Overseer  
  100  8:48  Overseer  
  100  8:49  Overseer  
  100  9:09  Extractor  
  99  9:10  Extractor  
  99  9:15  Tunneling Claws  
  98  9:22  Hydralisk x2  
  98  9:23  Hydralisk x25  
  152  9:34  Metabolic Boost  
  152  9:39  Zerg Ground Armor Level 2  
  152  9:42  Greater Spire  
  152  9:46  Seismic Spines  
  152  9:47  Hatchery, Ultralisk Cavern  
  152  9:49  Hatchery  
  149  10:05  Hydralisk  
  149  10:06  Hydralisk x8  
  167  10:18  Hydralisk x5  
  177  10:26  Zergling x28  
  177  10:27  Zergling x8  
  195  10:44  Overseer x2  
  195  10:51  Zerg Missile Weapons Level 3  
  195  10:53  Adrenal Glands, Viper  
  191  11:54  Hydralisk x6  
  197  12:02  Hydralisk x2  
  195  12:19  Hydralisk x2  
  174  12:53  Corruptor x7  
  174  12:54  Corruptor x15  
  156  13:06  Hydralisk  
  156  13:07  Hydralisk x4  
  144  13:18  Hatchery  
  144  13:19  Hydralisk x4  
  145  13:21  Hatchery  
  92  13:55  Corruptor  
  92  13:56  Corruptor x6  
  98  14:04  Corruptor  
  99  14:14  Pneumatized Carapace  
  67  14:38  Corruptor x4  
  67  14:42  Zergling x18  
  67  14:43  Zergling x28  
  96  14:46  Lair  
  89  15:16  Spawning Pool  
  78  15:24  Evolution Chamber  
  76  15:29  Extractor  
  76  15:30  Drone  
  76  15:31  Drone x11  
  76  15:32  Extractor  
  68  16:07  Extractor  
  68  16:08  Extractor  
  50  17:02  Drone x9  
  50  17:03  Drone x6  
  58  17:28  Infestation Pit  
  51  17:32  Zergling x2  
  51  17:33  Zergling x14  
  59  17:48  Burrow  
  58  17:53  Roach x6  
  60  18:40  Drone x9  
  66  19:04  Roach Warren  
  65  19:12  Spire  
  65  19:13  Queen  
  55  19:39  Infestor x2  
  63  19:50  Infestor x3  
  34  20:36  Lair  
  34  20:39  Drone  
  33  21:51  Infestation Pit  
  32  22:01  Drone  
  32  22:39  Neural Parasite  
  32  22:44  Hive  
  32  22:51  Hatchery  
  31  23:03  Infestor  
  31  23:04  Infestor x2  
  37  23:58  Pathogen Glands  
  37  24:08  Overseer  
  37  24:58  Infestor  
  37  24:59  Infestor x4  
  56  28:50  Hatchery  
  55  29:17  Nexus  
Show
View Real Time Build Order
Export as new Build Order

TATORREA Protoss - Winner!

Build Orders: Carriers 

Get SALT Encoding   

  12  0:01  Probe  
  13  0:13  Probe  
  14  0:21  Pylon  
  14  0:25  Probe  
  15  0:39  Probe  
  15  0:41  Gateway  
  16  0:51  Probe  
  16  0:56  Assimilator  
  17  0:59  Assimilator  
  17  1:02  Probe  
  18  1:11  Probe  
  18  1:12  Pylon  
  19  1:19  Probe  
  20  1:27  Probe  
  21  1:35  Probe, Cybernetics Core  
  22  1:46  Probe  
  23  2:05  Nexus  
  23  2:06  Probe  
  24  2:14  Probe  
  25  2:23  Probe  
  25  2:29  Pylon  
  26  2:32  Pylon  
  26  2:35  Probe  
  27  2:37  Warp Gate  
  27  2:47  Probe  
  28  2:59  Probe  
  29  3:07  Robotics Facility  
  29  3:08  Probe  
  29  3:12  Assimilator  
  30  3:14  Probe  
  30  3:15  Assimilator  
  30  3:16  Probe  
  31  3:22  Probe  
  31  3:26  Probe  
  33  3:32  Probe  
  34  3:38  Probe  
  34  3:41  Stargate  
  36  3:43  Stargate  
  36  3:44  Probe  
  37  3:50  Probe  
  37  3:55  Observer  
  39  3:56  Probe  
  39  4:02  Probe  
  41  4:07  Robotics Bay  
  41  4:08  Probe  
  41  4:09  Pylon  
  42  4:12  Pylon  
  42  4:14  Probe  
  42  4:16  Pylon  
  43  4:20  Probe  
  44  4:24  Observer  
  44  4:26  Probe  
  46  4:32  Probe  
  47  4:38  Nexus  
  47  4:39  Probe  
  47  4:43  Pylon  
  48  4:46  Probe  
  48  4:47  Pylon  
  48  4:49  Probe  
  50  4:54  Probe  
  50  4:57  Probe  
  51  5:06  Probe x2  
  52  5:07  Fleet Beacon  
  54  5:18  Probe x2  
  56  5:22  Observer  
  57  5:30  Probe  
  57  5:31  Probe  
  59  5:42  Probe  
  60  5:43  Probe  
  61  6:00  Probe x3  
  64  6:12  Probe x2  
  64  6:13  Probe  
  67  6:24  Assimilator, Probe x2  
  67  6:25  Probe  
  70  6:29  Assimilator  
  70  6:36  Probe  
  71  6:49  Nexus  
  71  6:50  Pylon  
  71  6:51  Probe x3  
  71  6:52  Pylon  
  74  6:58  Pylon  
  74  7:01  Pylon  
  74  7:02  Tempest, Carrier  
  74  7:03  Probe x3  
  74  7:07  Pylon  
  88  7:10  Pylon  
  88  7:14  Pylon  
  88  7:17  Pylon  
  88  7:21  Pylon  
  88  7:25  Pylon  
  88  7:27  Probe  
  88  7:28  Probe x2  
  91  7:33  Gateway  
  91  7:35  Gateway  
  91  7:45  Carrier  
  91  7:47  Probe  
  91  7:48  Probe x2  
  100  7:56  Protoss Air Weapons Level 1, Nexus  
  100  7:57  Cybernetics Core  
  100  7:59  Pylon, Colossus  
  100  8:01  Pylon  
  106  8:06  Tempest  
  111  8:20  Assimilator  
  111  8:25  Assimilator  
  111  8:35  Stargate  
  111  8:37  Stargate x2  
  111  8:39  Carrier x2  
  111  8:43  Stargate  
  111  8:44  Assimilator  
  111  8:49  Assimilator  
  111  8:50  Extended Thermal Lance  
  123  8:57  Protoss Air Armor Level 1, Colossus  
  129  9:28  Carrier  
  129  9:30  Tempest, Carrier  
  146  9:31  Tempest  
  146  9:36  Carrier  
  151  9:42  Tempest  
  162  9:48  Gateway  
  162  9:50  Gateway  
  162  9:52  Gateway  
  162  9:57  Gateway  
  162  10:01  Gateway  
  162  10:03  Gateway  
  162  10:05  Gateway  
  162  10:08  Gateway, Protoss Air Weapons Level 2, Tempest, Carrier  
  162  10:11  Gateway  
  162  10:13  Gateway  
  162  10:15  Gateway  
  162  10:16  Tempest  
  162  10:17  Gateway  
  162  10:19  Gateway  
  173  10:21  Gateway  
  173  10:23  Gateway  
  173  10:25  Carrier  
  173  10:26  Gateway  
  178  10:31  Gateway  
  178  10:34  Tempest  
  178  10:35  Protoss Air Armor Level 2  
  189  10:37  Tempest  
  194  10:43  Colossus  
  200  11:36  Nexus  
  200  11:39  Pylon  
  199  11:41  Pylon  
  199  12:32  Protoss Air Weapons Level 3  
  187  13:19  Colossus  
  193  13:23  Carrier  
  199  13:38  Protoss Air Armor Level 3  
  176  13:54  Tempest x2  
  176  13:55  Carrier x3  
  192  14:28  Carrier  
  198  14:37  Tempest  
  191  15:20  Carrier  
  197  16:18  Carrier  
  197  16:43  Assimilator  
  197  16:45  Assimilator  
  197  16:50  Pylon  
  197  16:53  Pylon  
  197  16:57  Pylon  
  197  17:00  Pylon  
  197  17:03  Pylon  
  197  17:30  Pylon  
  197  17:32  Pylon  
  197  17:34  Pylon  
  197  18:11  Zealot  
  179  19:09  Colossus  
  172  21:43  Tempest x2, Carrier  
  172  21:44  Carrier x2  
  192  24:15  Carrier  
  198  25:43  Pylon  
  198  25:47  Gateway  
  198  25:48  Gateway  
  198  25:50  Gateway  
  198  25:51  Forge  
  198  25:52  Gateway  
  198  25:53  Forge  
  198  25:54  Forge  
  198  25:56  Gateway  
  198  25:58  Gateway  
  198  26:00  Gateway  
  198  26:02  Gateway  
  198  26:05  Gateway  
  198  26:25  Protoss Ground Weapons Level 1  
  198  26:33  Protoss Ground Armor Level 1, Protoss Shields Level 1  
  198  26:51  Twilight Council  
  198  26:55  Gateway  
  198  26:56  Gateway x2  
  198  27:02  Gateway  
  198  27:04  Gateway  
  193  27:17  Nexus  
  167  27:50  Observer  
  168  27:55  Tempest x2, Carrier x2  
  168  27:56  Carrier  
  196  28:04  Observer  
  197  28:24  Assimilator  
  197  28:26  Assimilator  
  197  28:44  Nexus  
  197  28:46  Assimilator  
  197  28:47  Assimilator  
  197  29:39  Nexus  
  197  29:43  Assimilator  
Show
View Real Time Build Order
Export as new Build Order

tigro Terran 

Build Orders:  

Get SALT Encoding   

  12  0:02  SCV  
  13  0:14  SCV  
  14  0:28  Supply Depot, SCV  
  15  0:40  Refinery  
  15  0:50  SCV  
  16  1:03  Barracks, SCV  
  17  1:12  Refinery  
  17  1:15  SCV  
  18  1:24  Supply Depot  
  18  1:27  SCV  
  19  1:39  SCV  
  20  1:50  Marine  
  20  1:51  Barracks  
  21  2:01  SCV  
  22  2:07  Marine  
  23  2:13  SCV  
  24  2:16  Engineering Bay  
  24  2:25  Marine, SCV  
  26  2:37  SCV  
  26  2:42  Barracks Reactor  
  26  2:43  Marine  
  28  2:49  Factory  
  28  2:52  Orbital Command  
  28  3:01  Marine  
  28  3:05  Terran Infantry Weapons Level 1  
  29  3:22  Barracks Tech Lab  
  29  3:35  Factory  
  29  3:43  Factory Tech Lab  
  29  3:51  Command Center  
  29  4:08  Marine x2  
  31  4:17  Marine  
  31  4:20  Starport  
  32  4:26  Combat Shield  
  32  4:44  Siege Tank  
  35  4:55  Factory Tech Lab  
  35  4:58  Starport  
  35  4:59  Terran Infantry Armor Level 1  
  35  5:05  Refinery  
  35  5:06  SCV  
  36  5:15  Medivac  
  36  5:17  Widow Mine  
  36  5:19  SCV  
  41  5:31  SCV  
  42  5:38  Widow Mine  
  44  5:43  Refinery, SCV  
  45  5:55  SCV  
  45  5:56  Armory  
  46  6:00  Widow Mine  
  48  6:36  Starport Tech Lab x2  
  48  6:46  Fusion Core  
  48  6:52  Supply Depot  
  48  7:12  Command Center  
  48  7:14  Drilling Claws  
  48  7:15  Supply Depot  
  48  7:22  Stimpack  
  48  7:38  Supply Depot  
  48  7:55  Refinery  
  48  7:58  SCV  
  48  8:03  Refinery  
  49  8:11  SCV  
  50  8:23  SCV  
  51  8:32  Smart Servos  
  51  8:33  Missile Turret  
  51  8:35  SCV  
  52  8:42  SCV  
  52  8:47  SCV  
  54  8:54  SCV  
  55  8:56  Missile Turret  
  55  9:02  Concussive Shells  
  55  9:07  SCV  
  56  9:10  Terran Infantry Weapons Level 2  
  56  9:18  Missile Turret  
  56  9:19  SCV  
  57  9:37  Siege Tank  
  60  9:40  Command Center  
  60  9:46  SCV  
  60  9:51  Mag-Field Accelerator  
  61  9:54  Siege Tank  
  61  9:57  Missile Turret  
  61  9:58  SCV  
  65  10:10  SCV  
  66  10:23  SCV  
  67  10:35  SCV  
  68  10:37  Missile Turret  
  68  10:47  Marine  
  68  10:48  Marine x2  
  71  10:58  Missile Turret  
  71  11:05  Marine x2  
  71  11:06  Marine  
  74  11:20  Missile Turret  
  74  11:23  Marine x3  
  77  11:25  Terran Infantry Armor Level 2  
  77  11:28  Planetary Fortress  
  77  11:41  Marine x3  
  77  11:42  Planetary Fortress  
  74  11:50  Missile Turret  
  61  11:59  Marine  
  56  12:07  Banshee  
  58  12:12  Missile Turret  
  52  12:17  Marine  
  53  12:34  Barracks  
  53  12:35  Marine  
  54  12:43  Missile Turret  
  54  12:50  Banshee  
  57  12:52  Marine  
  58  13:02  Cloaking Field  
  58  13:06  Medivac  
  60  13:13  Factory Tech Lab  
  60  13:17  Planetary Fortress  
  60  13:25  Barracks Reactor  
  60  13:33  Banshee  
  63  13:36  Medivac  
  63  13:39  Command Center  
  65  13:41  Hi-Sec Auto Tracking  
  65  13:53  Widow Mine  
  67  14:06  Battlecruiser  
  67  14:08  Marine x3  
  76  14:14  Widow Mine  
  76  14:15  Banshee  
  81  14:21  Hyperflight Rotors  
  81  14:26  Marine x3  
  84  14:36  Widow Mine  
  86  14:38  Neosteel Armor  
  86  14:40  SCV  
  86  14:44  Marine x3  
  90  14:52  SCV  
  91  14:57  Widow Mine  
  91  14:58  Banshee  
  96  15:01  Marine  
  96  15:02  Marine x2, Planetary Fortress  
  96  15:04  SCV  
  100  15:10  Battlecruiser  
  106  15:16  SCV  
  106  15:18  Widow Mine  
  106  15:19  Marine  
  110  15:28  SCV  
  111  15:41  Battlecruiser  
  111  15:42  Refinery  
  117  15:43  Command Center  
  117  15:49  Refinery  
  117  16:15  Battlecruiser  
  123  16:22  Corvid Reactor  
  123  16:56  Battlecruiser  
  129  17:10  Planetary Fortress  
  129  17:11  Refinery  
  129  17:19  Battlecruiser  
  135  17:26  Refinery  
  135  17:36  Missile Turret  
  135  17:55  SCV  
  135  17:57  Missile Turret  
  136  18:00  Battlecruiser  
  142  18:06  Thor  
  142  18:07  SCV  
  149  18:18  Terran Infantry Weapons Level 3, Missile Turret  
  149  18:19  SCV  
  150  18:23  Battlecruiser  
  156  18:31  SCV  
  157  18:39  Missile Turret  
  157  18:43  SCV  
  158  18:50  Siege Tank  
  161  19:04  Battlecruiser  
  161  19:08  Missile Turret  
  167  19:22  Siege Tank  
  167  19:24  Supply Depot  
  170  19:29  Missile Turret  
  176  19:45  Battlecruiser  
  176  19:46  Supply Depot  
  176  19:51  Missile Turret  
  176  20:08  Siege Tank  
  176  20:10  Supply Depot  
  176  20:12  Missile Turret  
  179  20:32  Marine x3  
  182  20:40  Siege Tank  
  185  20:45  Missile Turret  
  185  20:49  Marine  
  185  20:50  Marine x2  
  188  21:07  Marine x2  
  188  21:08  Marine  
  191  21:12  Siege Tank  
  191  21:17  Missile Turret  
  188  21:25  Marine x3  
  164  21:31  Battlecruiser x2  
  113  21:43  Marine  
  93  22:10  Missile Turret  
  72  22:58  Marine  
  61  23:15  Marine  
  62  23:22  Missile Turret  
  63  23:37  Engineering Bay  
  37  24:08  Supply Depot  
  35  24:24  Engineering Bay  
  35  24:31  Supply Depot  
  22  24:54  Supply Depot  
Tags
 
Add a new tag
Caveats
  • Supply blocks, unpowered buildings, or Contaminate may cause inaccurate times.
  • Supply counts are checked every 10 seconds.